 Dungeon Crawl Stone Soup version 0.19.0-2-gae57169 (console) character file.

1050 Kloppie the Skirmisher (level 8, 0/67 HPs)
             Began as a Demonspawn Berserker on Nov 6, 2016.
             Was a Priest of Trog.
             Slain by a bullfrog (3 damage)
             ... on level 6 of the Dungeon.
             The game lasted 00:05:39 (3845 turns).

Kloppie the Skirmisher (Demonspawn Berserker)       Turns: 3845, Time: 00:05:40

Health: 0/67       AC:  7    Str: 19      XL:     8   Next: 5%
Magic:  8/8        EV: 10    Int:  8      God:    Trog [***...]
Gold:   110        SH:  0    Dex:  8 (14) Spells: 0 memorised, 7 levels left

rFire  . . .     SeeInvis .     a - +0 falchion
rCold  + . .     Gourm    .     q - +0 ring mail
rNeg   . . .     Faith    .     (no shield)
rPois  .         Spirit   .     y - +1 helmet
rElec  .         Reflect  .     (no cloak)
rCorr  .         Harm     .     (no gloves)
MR     ++...                    (no boots)
Stlth  ..........               (no amulet)
                                (no ring)
                                (no ring)

@: regenerating, drained
A: hooves 1, cold resistance 1, foul stench 1, rot immunity
a: Berserk, Trog's Hand, Burn Spellbooks, Renounce Religion


You were on level 6 of the Dungeon.
You worshipped Trog.
Trog was most pleased with you.
You were very hungry.

You visited 1 branch of the dungeon, and saw 5 of its levels.

You collected 110 gold pieces.

Inventory:

Hand Weapons
 a - a +0 falchion (weapon)
Armour
 q - a +0 ring mail (worn)
 y - a +1 helmet (worn)
Jewellery
 d - an uncursed amulet of harm {unknown}
 l - an uncursed ring of wizardry {unknown}
 w - an uncursed ring of protection from fire {unknown}
Wands
 z - a wand of disintegration (14/24)
Scrolls
 e - 2 scrolls of blinking
 f - a scroll of teleportation {unknown}
 i - 2 scrolls of amnesia {unknown}
 k - a scroll of noise {unknown}
 p - a scroll of enchant weapon {unknown}
 r - 4 scrolls of identify
 t - a scroll of enchant armour {unknown}
 u - a scroll of remove curse {unknown}
Potions
 b - 2 potions of brilliance {unknown}
 h - a potion of flight {unknown}
 j - a potion of ambrosia {unknown}
 m - a potion of mutation {unknown}
 n - 2 potions of heal wounds {unknown}
 s - a potion of beneficial mutation {unknown}
 v - a potion of resistance {unknown}
 x - 2 potions of curing {unknown}
Comestibles
 c - 8 bread rations
 g - a slice of pizza
 o - a chunk of flesh


   Skills:
 + Level 7.3(6.7) Fighting
 + Level 6.6(6.1) Long Blades
 - Level 1.7(1.2) Armour
 - Level 1.7(1.2) Dodging


You had 7 spell levels left.
You didn't know any spells.

Dungeon Overview and Level Annotations

Branches:
Dungeon (6/15)
 Temple: D:4-7

Altars:
Ashenzari
Dithmenos
Okawaru
Ru

Annotations:
D:5 Pikel


Innate Abilities, Weirdness & Mutations

You have large cloven feet.
Your flesh is cold resistant. (rC+)
You may emit foul miasma when damaged in melee.
You are immune to rotting.


Message History

You are feeling very hungry.
You hit the bullfrog.
You kick the bullfrog, but do no damage.
The bullfrog is lightly wounded.
The quasit bites you but does no damage.
The quasit barely misses you. The quasit closely misses you.
The bullfrog hits you.
* * * LOW HITPOINT WARNING * * *
You barely miss the bullfrog.
The bullfrog is lightly wounded.
The quasit misses you.
You riposte.
You closely miss the quasit. You kick the quasit, but do no damage.
The quasit is moderately wounded.
The quasit claws you but does no damage.
The quasit barely misses you. The bullfrog hits you.
* * * LOW HITPOINT WARNING * * *
The quasit bites you but does no damage.
The quasit claws you but does no damage. x2
The bullfrog hits you.
You die...

... # #.. #.# #.##
...# #..#..# #....#
#. #.# #. #.# #.# #O.
#.# #5# #...
#.#####@#
#...###.#..)F%#.###.
##..................#
........#.###W#######
............#...
##.###.....#.###
#.........
##.....#.## ......#.#


You could see a phantom, a bullfrog and a quasit.

Vanquished Creatures
  2 sky beasts (D:6)
  2 ogres (D:6)
  A slave (D:5)
  The ghost of Millan the Chopper, an amateur DrBe of Trog (D:3)
  2 bullfrogs (D:6)
  2 wights (D:5)
  A howler monkey (D:6)
  A bullfrog zombie (D:5)
  An orc priest (D:6)
  An orc wizard (D:6)
  2 worker ants (D:6)
  4 gnolls (D:3)
  6 adders
  An ooze (D:1)
  A worm (D:6)
  3 dart slugs
  2 leopard geckos
  6 orcs
  3 ball pythons
  12 bats
  4 giant cockroaches
  7 goblins
  17 hobgoblins
  8 jackals
  A quokka (D:6)
  3 frilled lizards
  10 kobolds
  9 rats
113 creatures vanquished.

Notes
Turn   | Place    | Note
-------+----------+-------------------------------------------
     0 | D:1      | Kloppie the Demonspawn Berserker began the quest for the Orb.
     0 | D:1      | Reached XP level 1. HP: 18/18 MP: 1/1
   327 | D:1      | Gained mutation: Your flesh is cold resistant. (rC+) [demonic ancestry]
   327 | D:1      | Reached XP level 2. HP: 21/24 MP: 2/2
   482 | D:1      | Gained mutation: You are immune to rotting. [demonic ancestry]
   482 | D:1      | Reached XP level 3. HP: 27/30 MP: 3/3
  1026 | D:2      | Reached ** piety under Trog
  1112 | D:2      | Reached skill level 4 in Fighting
  1340 | D:2      | Found a shattered altar of Ashenzari.
  1428 | D:2      | Gained mutation: You may emit foul miasma when damaged in melee. [demonic ancestry]
  1428 | D:2      | Reached XP level 4. HP: 16/37 MP: 4/4
  1694 | D:2      | Found a shadowy altar of Dithmenos.
  1909 | D:2      | Found an iron altar of Okawaru.
  2147 | D:3      | Found a sacrificial altar of Ru.
  2151 | D:3      | Noticed Millan's ghost (amateur DrBe)
  2172 | D:3      | Killed Millan's ghost
  2172 | D:3      | Reached skill level 5 in Fighting
  2172 | D:3      | Reached XP level 5. HP: 17/44 MP: 5/5
  2407 | D:3      | Reached *** piety under Trog
  2654 | D:3      | Reached XP level 6. HP: 51/51 MP: 6/6
  2731 | D:3      | You fall through a shaft for 3 floors!
  2981 | D:6      | Reached skill level 5 in Long Blades
  3272 | D:6      | Noticed a sky beast
  3285 | D:6      | Killed a sky beast
  3285 | D:6      | Reached skill level 6 in Fighting
  3285 | D:6      | Gained mutation: You have large cloven feet. [demonic ancestry]
  3285 | D:6      | Reached XP level 7. HP: 58/58 MP: 7/7
  3594 | D:5      | Entered Level 5 of the Dungeon
  3638 | D:5      | Noticed Pikel
  3682 | D:6      | Reached skill level 7 in Fighting
  3787 | D:6      | Reached XP level 8. HP: 57/67 MP: 8/8
  3845 | D:6      | HP: 3/67 [bullfrog (6)]
  3845 | D:6      | Slain by a bullfrog

Skill      XL: |  1  2  3  4  5  6  7 |
---------------+----------------------+-----
Long Blades    | 3 4 5 6 |  6.6
Fighting       | 4 5 6 7 |  7.3
Armour         | |  1.7
Dodging        | |  1.7

Action                   |  1- 3 |  4- 6 |  7- 9 || total
-------------------------+-------+-------+-------++-------
Melee: Falchion          |   110 |   211 |   113 ||   434
       Kick              |       |       |    57 ||    57
Invok: Berserk           |     2 |     3 |     4 ||     9
       Trog's Hand       |       |       |     4 ||     4
  Use: Scroll            |       |       |     1 ||     1
  Eat: Chunk             |     3 |     9 |     2 ||    14
       Meat ration       |       |       |     1 ||     1
Armor: Animal skin       |    20 |    11 |       ||    31
       Ring mail         |       |    60 |   120 ||   180
Dodge: Dodged            |    76 |   118 |   149 ||   343
       Rpst.: Falchion   |    22 |    42 |    34 ||    98
